[Event "FIDE WYCC Girls U16 2023"]
[Site "Montesilvano"]
[Date "2023.11.17"]
[Round "5.16"]
[White "Hubert, Charlotte"]
[Black "Bilguun Bayaraa"]
[Result "1-0"]
[ECO "B90"]
[WhiteElo "1881"]
[BlackElo "1712"]
[Annotator "NA"]
[PlyCount "90"]
[EventDate "2023.11.13"]
[EventType "swiss"]
[EventCountry "ITA"]
[SourceTitle "playchess.com"]
[Source "ChessBase"]
[SourceQuality "1"]
[TimeControl "40/5400+30:1800+30"]

1. e4 c5 2. Nf3 d6 3. d4 cxd4 4. Nxd4 Nf6 5. Nc3 a6 6. h3 e5 7. Nde2 Be6 8. g4 Nc6 9. Bg2 Be7 10. Be3 Qc7 11. Qd2 b5 12. Nd5 Bxd5 13. exd5 Na5 14. b3 Rc8 15. O-O O-O 16. Rfc1 Bd8 17. a4 Qb7 18. axb5 Qxb5 19. c4 Qb7 20. Rxa5 Bxa5 21. Qxa5 Qxb3 22. Qxa6 Qb2 23. Ng3 Rfd8 24. Nf5 Ra8 25. Qc6 Ra3 26. Qb6 Qxb6 27. Bxb6 Rd7 28. Nxd6 Rxd6 29. c5 Rxd5 30. Bxd5 Nxd5 31. Rd1 f6 32. Rxd5 Rc3 33. Rd7 Kf8 34. Kg2 h6 35. Rc7 g6 36. c6 Rb3 37. Rb7 Ke8 38. c7 Kd7 39. Rb8 Rc3 40. Rd8+ Ke7 41. c8=Q Rxc8 42. Rxc8 Kf7 43. Kf3 g5 44. Ke4 Kg6 45. Rc6 Kg7 1-0

[Event "FIDE WYCC Girls U16 2023"]
[Site "Montesilvano"]
[Date "2023.11.17"]
[Round "5.17"]
[White "Schebacher, Solene"]
[Black "Pragnya H G"]
[Result "0-1"]
[ECO "B22"]
[WhiteElo "1859"]
[BlackElo "1679"]
[Annotator "NA"]
[PlyCount "96"]
[EventDate "2023.11.13"]
[EventType "swiss"]
[EventCountry "ITA"]
[SourceTitle "playchess.com"]
[Source "ChessBase"]
[SourceQuality "1"]
[TimeControl "40/5400+30:1800+30"]

1. e4 c5 2. c3 Nf6 3. e5 Nd5 4. Nf3 Nc6 5. Bc4 Nb6 6. Bb3 c4 7. Bc2 g6 8. O-O Bg7 9. Re1 O-O 10. b3 d6 11. exd6 exd6 12. d4 cxd3 13. Bxd3 d5 14. Bb2 Bg4 15. Be2 Qd7 16. Na3 Rad8 17. Nc2 Rfe8 18. Qd2 Bxf3 19. Bxf3 Ne5 20. Nd4 Nxf3+ 21. Nxf3 Re4 22. h3 Rde8 23. Ba3 Qb5 24. Nd4 Qd7 25. Rad1 Bxd4 26. cxd4 Qe6 27. Kf1 Nd7 28. Rxe4 Qxe4 29. Rc1 Nf6 30. f3 Qe6 31. Qd3 Nh5 32. Bb4 Nf4 33. Qc2 Qa6+ 34. Kg1 Ne2+ 35. Kh1 Nxc1 36. Qxc1 Qxa2 37. Qc3 Qa6 38. Kh2 Qc6 39. Qd2 Qc7+ 40. Kg1 Qb6 41. Qc3 a6 42. Kh2 Qc6 43. Qd2 Qc7+ 44. Kg1 Rc8 45. Ba3 Qc3 46. Qd1 Qc2 47. Qxc2 Rxc2 48. Bc5 a5 0-1

[Event "FIDE WYCC Girls U16 2023"]
[Site "Montesilvano"]
[Date "2023.11.17"]
[Round "5.18"]
[White "Vlasova, Olesia"]
[Black "Sawan, Eman"]
[Result "1-0"]
[ECO "E62"]
[WhiteElo "1850"]
[BlackElo "1662"]
[Annotator "NA"]
[PlyCount "59"]
[EventDate "2023.11.13"]
[EventType "swiss"]
[EventCountry "ITA"]
[SourceTitle "playchess.com"]
[Source "ChessBase"]
[SourceQuality "1"]
[TimeControl "40/5400+30:1800+30"]

1. d4 Nf6 2. c4 g6 3. g3 Bg7 4. Bg2 O-O 5. Nf3 d6 6. O-O Nc6 7. Nc3 e5 8. d5 Nb8 9. e4 a5 10. h3 Na6 11. Be3 Nd7 12. a3 f5 13. exf5 gxf5 14. b4 e4 15. Nd4 Ne5 16. Qb3 Kh8 17. f3 a4 18. Nxa4 Nxf3+ 19. Bxf3 exf3 20. Rxf3 f4 21. gxf4 Qh4 22. Bf2 Qh6 23. Re1 Rg8 24. Ne6 Bf6+ 25. Kh2 Bd7 26. Nc3 Qg6 27. Rg3 Qf5 28. Ne4 Bxe6 29. Nxf6 Qxf4 30. Qf3 1-0

[Event "FIDE WYCC Girls U16 2023"]
[Site "Montesilvano"]
[Date "2023.11.17"]
[Round "5.19"]
[White "Ismayil, Seljan"]
[Black "Karimova, Guldona"]
[Result "0-1"]
[ECO "A85"]
[WhiteElo "1384"]
[BlackElo "1835"]
[Annotator "NA"]
[PlyCount "86"]
[EventDate "2023.11.13"]
[EventType "swiss"]
[EventCountry "ITA"]
[SourceTitle "playchess.com"]
[Source "ChessBase"]
[SourceQuality "1"]
[TimeControl "40/5400+30:1800+30"]

1. d4 f5 2. c4 Nf6 3. Nc3 g6 4. Bg5 Bg7 5. e3 O-O 6. Bd3 d6 7. Nf3 h6 8. Bxf6 Bxf6 9. e4 e5 10. dxe5 dxe5 11. Qb3 c6 12. O-O-O Qe7 13. Rhe1 Nd7 14. Na4 Kh8 15. Kb1 f4 16. g3 Bg7 17. Nh4 Kh7 18. Bf1 b6 19. Qd3 Rf6 20. Rd2 a6 21. Bh3 Ra7 22. Red1 b5 23. Nc3 Nc5 24. Qf1 Bxh3 25. Qxh3 b4 26. Ne2 Nxe4 27. Rd7 Rxd7 28. Qxd7 Qxd7 29. Rxd7 f3 30. Ng1 Nc5 31. Re7 e4 32. Re5 g5 33. Nhxf3 exf3 34. Rxc5 g4 35. Re5 Rd6 36. Re1 Rd2 37. h3 Rxb2+ 38. Kc1 Rxa2 39. Rd1 h5 40. hxg4 hxg4 41. Kb1 Ra1+ 42. Kc2 b3+ 43. Kd2 Bh6+ 0-1

[Event "FIDE WYCC Girls U16 2023"]
[Site "Montesilvano"]
[Date "2023.11.17"]
[Round "5.20"]
[White "Seemann, Pola"]
[Black "Zelbova, Lada"]
[Result "0-1"]
[ECO "B62"]
[WhiteElo "1685"]
[BlackElo "2057"]
[Annotator "NA"]
[PlyCount "106"]
[EventDate "2023.11.13"]
[EventType "swiss"]
[EventCountry "ITA"]
[SourceTitle "playchess.com"]
[Source "ChessBase"]
[SourceQuality "1"]
[TimeControl "40/5400+30:1800+30"]

1. e4 c5 2. Nf3 d6 3. d4 cxd4 4. Nxd4 Nf6 5. Nc3 a6 6. Bg5 Nc6 7. Bc4 e6 8. O-O Be7 9. Be3 Bd7 10. a3 O-O 11. f4 Qc7 12. Be2 Rfd8 13. Qe1 Na5 14. Rd1 b5 15. Qg3 Nc4 16. Bc1 Rac8 17. f5 Kh8 18. Bg5 Nxb2 19. fxe6 Bxe6 20. Nd5 Bxd5 21. exd5 Ne4 22. Qf4 Bxg5 23. Qxe4 Nxd1 24. Bd3 Be3+ 25. Kh1 g6 26. Rxd1 Bxd4 27. Qxd4+ Kg8 28. h4 Qc3 29. Qf4 Qe5 30. Qf3 Qh5 31. Qxh5 gxh5 32. Rf1 Re8 33. Rf6 Rcd8 34. c4 bxc4 35. Bxc4 a5 36. Bb5 Re4 37. g3 Re3 38. a4 Rxg3 39. Kh2 Rg4 40. Kh3 Rg6 41. Rf5 Rc8 42. Bc6 Rc7 43. Rxh5 Re7 44. Rf5 Re3+ 45. Kh2 Re2+ 46. Kh3 Re3+ 47. Kh2 Rg4 48. h5 Re5 49. Rxe5 dxe5 50. d6 Rd4 51. d7 Kf8 52. Kg3 Ke7 53. h6 f5 0-1

[Event "FIDE WYCC Girls U16 2023"]
[Site "Montesilvano"]
[Date "2023.11.17"]
[Round "5.21"]
[White "Kanishka S"]
[Black "Deak-Sala, Emilia"]
[Result "1-0"]
[ECO "A35"]
[WhiteElo "1656"]
[BlackElo "1927"]
[Annotator "NA"]
[PlyCount "96"]
[EventDate "2023.11.13"]
[EventType "swiss"]
[EventCountry "ITA"]
[SourceTitle "playchess.com"]
[Source "ChessBase"]
[SourceQuality "1"]
[TimeControl "40/5400+30:1800+30"]

1. c4 c5 2. Nc3 Nc6 3. Nf3 g6 4. d4 cxd4 5. Nxd4 Bg7 6. e3 Nf6 7. Be2 d6 8. O-O O-O 9. b3 a6 10. Bb2 Bd7 11. Qd2 Qc7 12. Rac1 Qb8 13. Nd5 Nxd5 14. cxd5 Nxd4 15. Bxd4 b5 16. Bxg7 Kxg7 17. Qd4+ Kg8 18. e4 Qa7 19. Qxa7 Rxa7 20. f4 Rd8 21. Kf2 b4 22. Rc4 a5 23. Rfc1 Kg7 24. Rc7 Raa8 25. Rb7 Kf6 26. Rcc7 Bc8 27. Ra7 Rxa7 28. Rxa7 Rd7 29. Rxa5 Rc7 30. Bc4 Bd7 31. Ke3 e5 32. g3 g5 33. Ra6 gxf4+ 34. gxf4 exf4+ 35. Kxf4 Ke7 36. e5 dxe5+ 37. Kxe5 Rc5 38. Rh6 Ra5 39. Rxh7 Be8 40. h4 Rxa2 41. d6+ Kd8 42. Rh8 Ra5+ 43. Kf4 Kd7 44. Bd3 Ra3 45. Bf5+ Kxd6 46. Rxe8 Rxb3 47. h5 Rb2 48. h6 Kd5 1-0

[Event "FIDE WYCC Girls U16 2023"]
[Site "Montesilvano"]
[Date "2023.11.17"]
[Round "5.22"]
[White "Kayis, Gulcan Sena"]
[Black "Kawa, Anna"]
[Result "1-0"]
[ECO "B22"]
[WhiteElo "1859"]
[BlackElo "1622"]
[Annotator "NA"]
[PlyCount "95"]
[EventDate "2023.11.13"]
[EventType "swiss"]
[EventCountry "ITA"]
[SourceTitle "playchess.com"]
[Source "ChessBase"]
[SourceQuality "1"]
[TimeControl "40/5400+30:1800+30"]

1. e4 c5 2. c3 Nf6 3. e5 Nd5 4. Nf3 Nc6 5. Bc4 Nb6 6. Bb3 c4 7. Bc2 d5 8. exd6 Qxd6 9. O-O Bg4 10. Re1 e6 11. b3 Be7 12. Na3 cxb3 13. axb3 O-O 14. Qe2 Bf6 15. d4 Rfe8 16. h3 Bxf3 17. Qxf3 e5 18. Nb5 Qd8 19. Ba3 Be7 20. d5 Qxd5 21. Nc7 Qxf3 22. gxf3 Bxa3 23. Rxa3 Rac8 24. Nxe8 Rxe8 25. Be4 f6 26. Bxc6 bxc6 27. Rxa7 Nd5 28. c4 Nf4 29. Rea1 Ne2+ 30. Kf1 Nd4 31. Ra8 Kf8 32. b4 Nxf3 33. Rxe8+ Kxe8 34. b5 cxb5 35. cxb5 Nd4 36. b6 Kd7 37. Ra7+ Kc6 38. Rxg7 Kxb6 39. Rxh7 Kc5 40. Rh6 f5 41. h4 Kd5 42. h5 Ne6 43. Rf6 f4 44. h6 Ng5 45. Rg6 Nf7 46. h7 e4 47. Rf6 Nh8 48. Rxf4 1-0

[Event "FIDE WYCC Girls U16 2023"]
[Site "Montesilvano"]
[Date "2023.11.17"]
[Round "5.23"]
[White "Nguyen, Ngoc Hien"]
[Black "Kovacs, Reka"]
[Result "*"]
[ECO "A88"]
[WhiteElo "1642"]
[BlackElo "1840"]
[Annotator "NA"]
[PlyCount "91"]
[EventDate "2023.11.13"]
[EventType "swiss"]
[EventCountry "ITA"]
[SourceTitle "playchess.com"]
[Source "ChessBase"]
[SourceQuality "1"]
[TimeControl "40/5400+30:1800+30"]

1. d4 f5 2. Nf3 Nf6 3. g3 d6 4. Bg2 g6 5. O-O Bg7 6. c4 O-O 7. Nc3 c6 8. Be3 Ng4 9. Bg5 h6 10. Bd2 Qe8 11. h3 Nf6 12. Qc1 Kh7 13. Rd1 e5 14. dxe5 dxe5 15. Be3 b6 16. c5 e4 17. Nd4 Nbd7 18. cxb6 Nxb6 19. Nb3 Nfd5 20. Bc5 Rf7 21. Nd4 Be5 22. e3 Ba6 23. a4 Nd7 24. Ba3 Rc8 25. Nde2 Bd3 26. Bf1 g5 27. Qd2 f4 28. Nxd5 cxd5 29. Rac1 fxg3 30. Nxg3 Bxg3 31. fxg3 Ne5 32. Qb4 Bxf1 33. Rxf1 Rxc1 34. Rxc1 Nd3 35. Qc3 Nxc1 36. Qxc1 Qe5 37. Kg2 d4 38. exd4 Qxd4 39. Bc5 Rf2+ 40. Kg1 Rc2+ 41. Bxd4 Rxc1+ 42. Kf2 Rc4 43. Ke3 Rxa4 44. Kxe4 Kg6 45. Ke5 Ra1 46. Ke4 *

[Event "FIDE WYCC Girls U16 2023"]
[Site "Montesilvano"]
[Date "2023.11.17"]
[Round "5.24"]
[White "Regidor, Kaye Lalaine"]
[Black "Field, Rowan Soraya"]
[Result "1-0"]
[ECO "B30"]
[WhiteElo "1598"]
[BlackElo "1810"]
[Annotator "NA"]
[PlyCount "75"]
[EventDate "2023.11.13"]
[EventType "swiss"]
[EventCountry "ITA"]
[SourceTitle "playchess.com"]
[Source "ChessBase"]
[SourceQuality "1"]
[TimeControl "40/5400+30:1800+30"]

1. e4 c5 2. Nf3 Nc6 3. Bb5 e6 4. O-O Nf6 5. e5 Nd5 6. d4 cxd4 7. Bxc6 dxc6 8. Qxd4 Qc7 9. c4 Nb6 10. a4 Nd7 11. a5 Bc5 12. Qg4 Nxe5 13. Qxg7 Nxf3+ 14. gxf3 Rf8 15. Nc3 Bd6 16. Qxh7 Be5 17. f4 Bxf4 18. Bxf4 Qxf4 19. Qe4 Qc7 20. f4 Qe7 21. a6 Qc5+ 22. Kh1 Qb6 23. Qe5 Qxb2 24. Rab1 Qc2 25. axb7 Bxb7 26. Rxb7 Qd3 27. Rbb1 Qxc4 28. Ne4 Qd5 29. Rfd1 Qxe5 30. fxe5 Rh8 31. Nf6+ Kf8 32. Rb7 Kg7 33. Rg1+ Kf8 34. Ne4 a5 35. Rf1 f5 36. exf6 Rh5 37. Rg1 e5 38. Nd6 1-0

[Event "FIDE WYCC Girls U16 2023"]
[Site "Montesilvano"]
[Date "2023.11.17"]
[Round "5.25"]
[White "Nuriyeva, Nurtan"]
[Black "Mickunaite, Agne"]
[Result "0-1"]
[ECO "E61"]
[WhiteElo "1809"]
[BlackElo "1673"]
[Annotator "NA"]
[PlyCount "78"]
[EventDate "2023.11.13"]
[EventType "swiss"]
[EventCountry "ITA"]
[SourceTitle "playchess.com"]
[Source "ChessBase"]
[SourceQuality "1"]
[TimeControl "40/5400+30:1800+30"]

1. d4 Nf6 2. Nf3 g6 3. c4 Bg7 4. Nc3 d6 5. Bg5 O-O 6. e3 c5 7. d5 h6 8. Bh4 g5 9. Bg3 Nh5 10. Rc1 Nxg3 11. hxg3 f5 12. Bd3 Na6 13. a3 Nc7 14. O-O b6 15. Re1 e5 16. dxe6 Bxe6 17. Qc2 Qf6 18. Re2 Qf7 19. Nd1 Rad8 20. b4 Kh8 21. e4 f4 22. e5 fxg3 23. fxg3 Qd7 24. Nf2 cxb4 25. axb4 a5 26. bxa5 bxa5 27. exd6 Qxd6 28. Kh2 Bf7 29. c5 Qd5 30. Qa4 Qb3 31. Qxa5 g4 32. Nd2 Qb8 33. Bc4 Qb2 34. Rb1 Qc2 35. Bxf7 Rxf7 36. Nfe4 Rd5 37. Rb8+ Kh7 38. Nf2 Rh5+ 39. Kg1 Qc1+ 0-1

[Event "FIDE WYCC Girls U16 2023"]
[Site "Montesilvano"]
[Date "2023.11.17"]
[Round "5.26"]
[White "Tadic, Ana"]
[Black "Rice, Lauren"]
[Result "1-0"]
[ECO "B23"]
[WhiteElo "1791"]
[BlackElo "1529"]
[Annotator "NA"]
[PlyCount "77"]
[EventDate "2023.11.13"]
[EventType "swiss"]
[EventCountry "ITA"]
[SourceTitle "playchess.com"]
[Source "ChessBase"]
[SourceQuality "1"]
[TimeControl "40/5400+30:1800+30"]

1. e4 c5 2. Nc3 Nc6 3. f4 g6 4. Nf3 Bg7 5. a4 e6 6. e5 d6 7. Bb5 d5 8. Bxc6+ bxc6 9. O-O Nh6 10. d3 O-O 11. Qe1 a5 12. h3 Nf5 13. g4 Nd4 14. Nxd4 cxd4 15. Ne2 g5 16. Nxd4 Qb6 17. Qf2 gxf4 18. Bxf4 f6 19. Qe3 Qxb2 20. exf6 Bxf6 21. Nxc6 Bd7 22. Be5 Bxe5 23. Nxe5 Bxa4 24. Rfb1 Qxc2 25. Rc1 Qb2 26. Rxa4 Rf2 27. Qxf2 Qxc1+ 28. Kg2 Rf8 29. Qe2 Rb8 30. Ra2 Rb1 31. Nf3 Kf7 32. Rc2 Qf4 33. Ne5+ Kf6 34. Nd7+ Ke7 35. Ne5 Rb7 36. Nc6+ Kd7 37. Nxa5 Rb8 38. Nc6 Rg8 39. Ne5+ 1-0

[Event "FIDE WYCC Girls U16 2023"]
[Site "Montesilvano"]
[Date "2023.11.17"]
[Round "5.27"]
[White "Sana Omprakash Kayyar"]
[Black "Berezovsky, Fiorina"]
[Result "1-0"]
[ECO "A09"]
[WhiteElo "1562"]
[BlackElo "1787"]
[Annotator "NA"]
[PlyCount "139"]
[EventDate "2023.11.13"]
[EventType "swiss"]
[EventCountry "ITA"]
[SourceTitle "playchess.com"]
[Source "ChessBase"]
[SourceQuality "1"]
[TimeControl "40/5400+30:1800+30"]

1. Nf3 d5 2. c4 dxc4 3. Na3 Nf6 4. Nxc4 c5 5. g3 g6 6. b3 Bg7 7. Bb2 O-O 8. Bg2 Nc6 9. O-O Bd7 10. Rc1 Rc8 11. d3 b6 12. a3 Be6 13. Ng5 Bd5 14. Nf3 e6 15. Ncd2 Bxf3 16. Nxf3 Qe7 17. Rc2 Rfd8 18. Qa1 Ne8 19. Bxg7 Nxg7 20. Rfc1 Nf5 21. Qb2 Ncd4 22. Nxd4 Nxd4 23. Rc3 Qf6 24. R3c2 Qf5 25. Rc3 Qh5 26. f3 Qe5 27. Kf2 h5 28. R3c2 h4 29. e3 hxg3+ 30. hxg3 Nc6 31. d4 Qf5 32. e4 Qg5 33. f4 Qe7 34. dxc5 Nd4 35. Rc4 bxc5 36. b4 Rc7 37. Rxc5 Rcd7 38. Rd1 f6 39. Rc4 e5 40. Bh3 Rd6 41. a4 a6 42. Bg4 Qh7 43. Kg2 Qb7 44. Bf3 Qf7 45. Qc3 Qd7 46. Rc7 Qe6 47. Qc4 Qxc4 48. Rxc4 R6d7 49. Bg4 f5 50. exf5 gxf5 51. Bh5 e4 52. Kf2 Kh7 53. Ke3 Ne6 54. Rxd7+ Rxd7 55. Rc6 Rd3+ 56. Kf2 Nd4 57. Rxa6 e3+ 58. Kf1 Ra3 59. b5 Rb3 60. Rd6 Rb1+ 61. Kg2 e2 62. Bxe2 Nxe2 63. b6 Nc3 64. a5 Rb2+ 65. Kh3 Ne4 66. Rd7+ Kg6 67. Rc7 Rb3 68. b7 Nxg3 69. Rc6+ Kh5 70. Rb6 1-0

[Event "FIDE WYCC Girls U16 2023"]
[Site "Montesilvano"]
[Date "2023.11.17"]
[Round "5.28"]
[White "Bruntse, Kathrine Lindegaard"]
[Black "Ogay, Anastassiya"]
[Result "1/2-1/2"]
[ECO "E11"]
[WhiteElo "1746"]
[BlackElo "1213"]
[Annotator "NA"]
[PlyCount "71"]
[EventDate "2023.11.13"]
[EventType "swiss"]
[EventCountry "ITA"]
[SourceTitle "playchess.com"]
[Source "ChessBase"]
[SourceQuality "1"]
[TimeControl "40/5400+30:1800+30"]

1. d4 e6 2. c4 Bb4+ 3. Bd2 Bxd2+ 4. Qxd2 Nf6 5. Nc3 d6 6. Nf3 Nbd7 7. e4 O-O 8. e5 dxe5 9. dxe5 Ng4 10. Qf4 Nh6 11. Rd1 Qe7 12. Bd3 Rd8 13. O-O Nf8 14. h4 Rb8 15. Nb5 a6 16. Nbd4 c5 17. Ne2 b6 18. Nc3 Bb7 19. Be4 Ng6 20. Qg5 Qxg5 21. hxg5 Bxe4 22. Nxe4 Ng4 23. Rfe1 Rxd1 24. Rxd1 N4xe5 25. Nxe5 Nxe5 26. b3 Kf8 27. f4 Ng6 28. g3 Ke7 29. Kf2 Nf8 30. Ke3 Rb7 31. Nd6 Rd7 32. Nc8+ Kd8 33. Nd6 Ke7 34. Nc8+ Kd8 35. Nd6 Ke7 36. Nc8+ 1/2-1/2

[Event "FIDE WYCC Girls U16 2023"]
[Site "Montesilvano"]
[Date "2023.11.17"]
[Round "5.29"]
[White "Tomcaniova, Lucia"]
[Black "Suyerkulova, Daniya"]
[Result "1-0"]
[ECO "C13"]
[WhiteElo "1715"]
[BlackElo "1317"]
[Annotator "NA RC"]
[PlyCount "49"]
[EventDate "2023.11.13"]
[EventType "swiss"]
[EventCountry "ITA"]
[SourceTitle "playchess.com"]
[Source "ChessBase"]
[SourceQuality "1"]
[TimeControl "40/5400+30:1800+30"]

1. e4 e6 2. d4 d5 3. Nc3 Nf6 4. Bg5 dxe4 5. Nxe4 Nbd7 6. Nf3 Be7 7. Bxf6 Nxf6 8. Bd3 O-O 9. Qe2 b6 10. Nxf6+ Bxf6 11. Qe4 g6 12. Qxa8 Bxd4 13. Nxd4 Qxd4 14. Qe4 Qxb2 15. O-O Rd8 16. Qc4 Qe5 17. Rfe1 Qd6 18. Rad1 Bb7 19. Be2 Qe7 20. Rxd8+ Qxd8 21. Qd3 Qg5 22. Bf3 Qa5 23. Rd1 Bxf3 24. Qxf3 Qxa2 25. Qf6 1-0

[Event "FIDE WYCC Girls U16 2023"]
[Site "Montesilvano"]
[Date "2023.11.17"]
[Round "5.30"]
[White "Recica, Jona"]
[Black "Lobo Pereira, Arami"]
[Result "0-1"]
[ECO "B23"]
[WhiteElo "1264"]
[BlackElo "2013"]
[Annotator "NA"]
[PlyCount "100"]
[EventDate "2023.11.13"]
[EventType "swiss"]
[EventCountry "ITA"]
[SourceTitle "playchess.com"]
[Source "ChessBase"]
[SourceQuality "1"]
[TimeControl "40/5400+30:1800+30"]

1. e4 c5 2. Nc3 d6 3. f4 g6 4. Nf3 Bg7 5. Bb5+ Bd7 6. Bc4 e6 7. d3 Nc6 8. O-O Nge7 9. Qe1 h6 10. Qg3 O-O 11. Nh4 Kh7 12. Be3 Nd4 13. Bb3 b5 14. Bxd4 Bxd4+ 15. Kh1 b4 16. Ne2 Bxb2 17. Rab1 Bg7 18. Nf3 Rc8 19. Nd2 d5 20. e5 a5 21. c4 bxc3 22. Nxc3 Nf5 23. Qf2 f6 24. g4 Nd4 25. exf6 Qxf6 26. Ba4 Bxa4 27. Nxa4 g5 28. Nb6 Rc7 29. f5 exf5 30. Qg2 Qc6 31. gxf5 Nxf5 32. Nxd5 Rd7 33. Ne3 Qxg2+ 34. Nxg2 Rxd3 35. Nb3 c4 36. Nxa5 Rh3 37. Rfe1 Ng3+ 38. Kg1 Bd4+ 39. Ne3 Nf5 40. Naxc4 Nxe3 41. Nxe3 Bxe3+ 42. Kg2 Rhf3 43. a4 Rf2+ 44. Kh1 Bf4 45. a5 Rxh2+ 46. Kg1 Ra2 47. Rb7+ Kg6 48. Rb6+ Kh5 49. a6 Rd8 50. Reb1 Be3+ 0-1

[Event "FIDE WYCC Girls U16 2023"]
[Site "Montesilvano"]
[Date "2023.11.17"]
[Round "5.31"]
[White "Maton, Emily"]
[Black "Bruntse, Caroline Lindegaard"]
[Result "1-0"]
[ECO "D05"]
[WhiteElo "1837"]
[BlackElo "1568"]
[Annotator "NA"]
[PlyCount "65"]
[EventDate "2023.11.13"]
[EventType "swiss"]
[EventCountry "ITA"]
[SourceTitle "playchess.com"]
[Source "ChessBase"]
[SourceQuality "1"]
[TimeControl "40/5400+30:1800+30"]

1. d4 d5 2. Nf3 e6 3. e3 Nf6 4. Bd3 Be7 5. b3 O-O 6. O-O c5 7. Bb2 Nc6 8. a3 b6 9. Nbd2 Bb7 10. Qe2 Qc7 11. Ne5 Rfd8 12. f4 Rac8 13. Rad1 h6 14. c3 a5 15. a4 Bd6 16. Rf3 Qe7 17. Rg3 cxd4 18. exd4 Rc7 19. Rf1 Ba3 20. Bxa3 Qxa3 21. Ng4 Nxg4 22. Qxg4 Qf8 23. f5 Bc8 24. Qf4 e5 25. dxe5 Kh8 26. f6 g6 27. e6 Rb7 28. e7 Nxe7 29. fxe7 Rxe7 30. Qf6+ Kg8 31. Bxg6 fxg6 32. Rxg6+ Kh7 33. Rxh6+ 1-0

[Event "FIDE WYCC Girls U16 2023"]
[Site "Montesilvano"]
[Date "2023.11.17"]
[Round "5.32"]
[White "Di Fabio, Sara"]
[Black "Ahn, Anastasia"]
[Result "1-0"]
[ECO "B26"]
[WhiteElo "1517"]
[BlackElo "1795"]
[Annotator "NA"]
[PlyCount "89"]
[EventDate "2023.11.13"]
[EventType "swiss"]
[EventCountry "ITA"]
[SourceTitle "playchess.com"]
[Source "ChessBase"]
[SourceQuality "1"]
[TimeControl "40/5400+30:1800+30"]

1. e4 c5 2. Nc3 Nc6 3. g3 g6 4. Bg2 Bg7 5. d3 d6 6. Be3 e6 7. Qd2 Rb8 8. Nge2 Nd4 9. Nd1 Nxe2 10. Qxe2 Ne7 11. Qd2 O-O 12. Bh6 b5 13. h4 f5 14. h5 Rf7 15. hxg6 hxg6 16. Bxg7 Rxg7 17. Qh6 Bb7 18. Ne3 Qc7 19. g4 fxe4 20. dxe4 d5 21. g5 Rf8 22. Ng4 Qf4 23. Nf6+ Rxf6 24. gxf6 Qxf6 25. O-O-O c4 26. Qe3 b4 27. Kb1 c3 28. e5 Qf5 29. Bh3 Qf7 30. Rhf1 Nc6 31. bxc3 bxc3 32. Qxc3 d4 33. Qc4 Nxe5 34. Qxe6 Qxe6 35. Bxe6+ Kf8 36. Rxd4 Rc7 37. f4 Nf3 38. Rd3 Rc6 39. Bd5 Rb6+ 40. Kc1 Bxd5 41. Rxd5 Nh4 42. Rh1 Nf5 43. Rd7 Kg8 44. Rxa7 Rc6 45. Rd1 1-0

[Event "FIDE WYCC Girls U16 2023"]
[Site "Montesilvano"]
[Date "2023.11.17"]
[Round "5.33"]
[White "Radenkovic, Mila"]
[Black "Dumankyzy, Alfarabi"]
[Result "1-0"]
[ECO "B40"]
[WhiteElo "1767"]
[BlackElo "1525"]
[Annotator "NA"]
[PlyCount "59"]
[EventDate "2023.11.13"]
[EventType "swiss"]
[EventCountry "ITA"]
[SourceTitle "playchess.com"]
[Source "ChessBase"]
[SourceQuality "1"]
[TimeControl "40/5400+30:1800+30"]

1. e4 c5 2. Nf3 e6 3. g3 Nc6 4. Bg2 Nf6 5. Qe2 e5 6. c3 Be7 7. O-O Qc7 8. Na3 O-O 9. d3 Rd8 10. Nc4 h6 11. h3 Rb8 12. Rd1 b5 13. Ncxe5 Nxe5 14. Nxe5 d6 15. Nf3 Be6 16. d4 Bc4 17. Qc2 b4 18. b3 Ba6 19. cxb4 Rxb4 20. Ba3 Rbb8 21. e5 dxe5 22. Nxe5 Rxd4 23. Rxd4 Qxe5 24. Rdd1 Qc7 25. Rac1 Rc8 26. Qf5 Qa5 27. Qe5 Bf8 28. Bb2 Qxa2 29. Qc3 Rb8 30. Ra1 1-0

[Event "FIDE WYCC Girls U16 2023"]
[Site "Montesilvano"]
[Date "2023.11.17"]
[Round "5.34"]
[White "Park, Haneul"]
[Black "Levchenko, Marina"]
[Result "*"]
[ECO "D37"]
[WhiteElo "1461"]
[BlackElo "1700"]
[Annotator "NA"]
[PlyCount "87"]
[EventDate "2023.11.13"]
[EventType "swiss"]
[EventCountry "ITA"]
[SourceTitle "playchess.com"]
[Source "ChessBase"]
[SourceQuality "1"]
[TimeControl "40/5400+30:1800+30"]

1. d4 d5 2. c4 e6 3. Nc3 Be7 4. Nf3 Nf6 5. Bf4 O-O 6. e3 b6 7. cxd5 Nxd5 8. Nxd5 Qxd5 9. a3 c5 10. dxc5 bxc5 11. Qc2 Rd8 12. Rd1 Qxd1+ 13. Qxd1 Rxd1+ 14. Kxd1 Nc6 15. Bb5 Bd7 16. Ke2 f6 17. Rd1 Be8 18. Bc4 Kf7 19. Nd2 Na5 20. Bd3 e5 21. Bg3 Ba4 22. Rc1 Rb8 23. Rb1 Bc6 24. e4 Bd7 25. Nc4 Nb3 26. f4 exf4 27. Bxf4 Bg4+ 28. Kf2 Rd8 29. Be2 Be6 30. e5 Nd4 31. Ne3 Nxe2 32. Kxe2 f5 33. Bg3 g5 34. Bf2 f4 35. Nd1 Bg4+ 36. Ke1 Bxd1 37. Rxd1 Rxd1+ 38. Kxd1 Ke6 39. Kd2 Kxe5 40. Kd3 Kd5 41. Kc3 a6 42. a4 c4 43. b4 cxb3 44. Kxb3 *

[Event "FIDE WYCC Girls U16 2023"]
[Site "Montesilvano"]
[Date "2023.11.17"]
[Round "5.35"]
[White "Mohd Nurul Izani, Kaseh Irsya Dania"]
[Black "Lazovic, Emilija"]
[Result "*"]
[ECO "D03"]
[WhiteElo "1291"]
[BlackElo "1690"]
[Annotator "NA"]
[PlyCount "94"]
[EventDate "2023.11.13"]
[EventType "swiss"]
[EventCountry "ITA"]
[SourceTitle "playchess.com"]
[Source "ChessBase"]
[SourceQuality "1"]
[TimeControl "40/5400+30:1800+30"]

1. d4 d5 2. Nf3 Nf6 3. c3 g6 4. Bg5 Bg7 5. e3 O-O 6. Bd3 Nbd7 7. Nbd2 Re8 8. O-O e5 9. dxe5 Nxe5 10. Nxe5 Rxe5 11. Nf3 Re8 12. Qd2 c5 13. h3 Bd7 14. Rad1 Bc6 15. Rfe1 Qb6 16. Nh2 Ne4 17. Bxe4 Rxe4 18. Nf1 Rae8 19. Ng3 R4e6 20. Ne2 h6 21. Bh4 Rd6 22. f3 Rd7 23. Bf2 Ba4 24. b3 Bb5 25. Rc1 Red8 26. Nf4 d4 27. exd4 cxd4 28. c4 Bc6 29. Nd3 Qc7 30. Re2 b6 31. Rce1 Kh7 32. Bh4 Rc8 33. Re7 Rcd8 34. Ne5 Rxe7 35. Bxe7 Re8 36. Nxc6 Qxc6 37. Bh4 Rxe1+ 38. Bxe1 Qd6 39. Bf2 d3 40. Be3 Bf8 41. Qc3 Bg7 42. Qd2 Bf6 43. Kf1 Bg5 44. Bxg5 hxg5 45. Ke1 Qd4 46. Kf1 Kg7 47. g3 Kh7 *

[Event "FIDE WYCC Girls U16 2023"]
[Site "Montesilvano"]
[Date "2023.11.18"]
[Round "6.1"]
[White "Siekanska, Maria"]
[Black "Bondar, Daria"]
[Result "1/2-1/2"]
[ECO "E05"]
[WhiteElo "2180"]
[BlackElo "1908"]
[Annotator "ChessBase"]
[PlyCount "68"]
[EventDate "2023.11.13"]
[EventType "swiss"]
[EventCountry "ITA"]
[SourceTitle "playchess.com"]
[Source "ChessBase"]
[SourceQuality "1"]
[TimeControl "40/5400+30:1800+30"]

1. d4 d5 2. Nf3 e6 3. g3 Nf6 4. Bg2 Be7 5. O-O O-O 6. c4 dxc4 7. Qc2 a6 8. Qxc4 b5 9. Qc2 Bb7 10. Bd2 Ra7 11. e3 Nbd7 12. Ba5 Qa8 13. Ne1 c5 14. dxc5 Bxc5 15. Nd2 Bb6 16. Bxb6 Nxb6 17. Bxb7 Rxb7 18. Ne4 Nxe4 19. Qxe4 Nc4 20. Nf3 Rd7 21. Qxa8 Rxa8 22. b3 Nd2 23. Nxd2 Rxd2 24. Rfd1 Rad8 25. Rxd2 Rxd2 26. a4 b4 27. Rc1 g6 28. Rc6 a5 29. Rc5 Rb2 30. Rxa5 Rxb3 31. Rb5 Rb1+ 32. Kg2 b3 33. a5 Ra1 34. Rxb3 Rxa5 1/2-1/2